 Dungeon Crawl Stone Soup version 0.21-a0-414-gba8bdf1 (webtiles) character file.

211 slep the Sneak (level 5, -9/35 HPs)
             Began as an Octopode Assassin on Nov 3, 2017.
             Killed by nerve-wracking pain
             ... invoked by an orc priest
              (14 damage)
             ... on level 3 of the Dungeon.
             The game lasted 00:09:03 (1741 turns).

slep the Sneak (Octopode Assassin)                  Turns: 1741, Time: 00:09:04

Health: -9/35      AC:  1    Str: 11    XL:     5   Next: 88%
Magic:  5/5        EV: 13    Int: 13    God:
Gold:   64         SH:  0    Dex: 14    Spells: 4/4 levels left

rFire    . . .     SeeInvis .   k - +0 flail
rCold    . . .     Gourm    .   (no shield)
rNeg     . . .     Faith    .   (helmet restricted)
rPois    .         Spirit   .   (no amulet)
rElec    .         Reflect  .   (no ring)
rCorr    .         Harm     .   (no ring)
MR       .....                  (no ring)
Stlth    +++++.....             (no ring)
HPRegen  0.11/turn              (no ring)
MPRegen  0.09/turn              (no ring)
                                (no ring)
                                (no ring)

@: no status effects
A: almost no armour, stealthy swim, amphibious, 8 rings, constrict 8, camouflage
1, gelatinous body 1
a: no special abilities


You were on level 3 of the Dungeon.
You were not hungry.

You visited 1 branch of the dungeon, and saw 3 of its levels.

You collected 64 gold pieces.

Inventory:

Hand Weapons
 a - a +2 dagger
 b - a +0 blowgun
 k - a +0 flail (weapon)
 w - a +0 falchion
Missiles
 c - 8 poisoned needles
 d - 2 curare-tipped needles
 q - 8 tomahawks of returning (quivered)
 v - 8 tomahawks
Jewellery
 u - an uncursed ring of see invisible {unknown}
Scrolls
 e - a scroll of identify {unknown}
 g - a scroll of magic mapping {unknown}
 h - a scroll of remove curse {unknown}
 l - a scroll of fog {unknown}
 m - 2 scrolls of random uselessness {unknown}
 o - 2 scrolls of amnesia {unknown}
 p - 2 scrolls of enchant armour {unknown}
 s - a scroll of teleportation {unknown}
Potions
 j - 2 potions of curing {unknown}
 n - 3 potions of heal wounds {unknown}
 r - a potion of brilliance {unknown}
Comestibles
 f - 2 bread rations
 i - 2 meat rations
 x - a fruit


   Skills:
 + Level 2.7 Fighting
 + Level 2.8 Short Blades
 + Level 1.3 Maces & Flails
 + Level 2.1 Throwing
 + Level 1.8 Dodging
 + Level 7.8 Stealth


You had 4 spell levels left.
You didn't know any spells.

Dungeon Overview and Level Annotations

Branches:
Dungeon (3/15)

Altars:


Innate Abilities, Weirdness & Mutations

You cannot wear most types of armour.
You are very stealthy in the water. (Stealth+)
You are amphibious.
You can wear up to eight rings at the same time.
You can use your tentacles to constrict eight enemies at once.
Your skin changes colour to match your surroundings (Stealth+).
Your rubbery body absorbs attacks. (AC +1, EV +1)


Message History

A hobgoblin comes into view.
The hobgoblin shouts!
You sock the orc priest!
You kill the orc priest!
The orc priest looks encouraged for a moment.
The orc hits you with a club.
* * * LOW HITPOINT WARNING * * *
You closely miss the orc. You grab the orc. Your squeeze misses the orc.
You constrict the orc. The orc hits you but does no damage.
You barely miss the orc. You squeeze the orc.
You kill the orc!
The orc hits you.
* * * LOW HITPOINT WARNING * * *
You closely miss the orc. Your grab misses the orc. The orc closely misses you.
You thump the orc!
You kill the orc!
The orc priest miscasts a cantrip.
The orc priest mumbles some strange prayers to Beogh against you.
Pain shoots through your body!
You die...

#.# #.#
#)# . #.#
.# #.# ..
#.# .##
#.# ...##
#.##g....#
#.@)o....#
####.....#
....# ....
###


You could see an orc priest and a hobgoblin.

Vanquished Creatures
  2 orc priests (D:3)
  2 orc wizards (D:3)
  Robin (D:3)
  A dart slug (D:1)
  2 leopard geckos (D:2)
  13 orcs (D:3)
  4 giant cockroaches
  12 goblins
  4 hobgoblins
  3 jackals (D:2)
  2 ball pythons
  7 bats
  3 frilled lizards
  10 kobolds
  7 rats
73 creatures vanquished.

Notes
Turn   | Place    | Note
-------+----------+-------------------------------------------
     0 | D:1      | slep the Octopode Assassin began the quest for the Orb.
     0 | D:1      | Reached XP level 1. HP: 14/14 MP: 1/1
   151 | D:1      | Reached XP level 2. HP: 19/19 MP: 2/2
   271 | D:1      | Reached skill level 6 in Stealth
   879 | D:2      | Reached XP level 3. HP: 24/24 MP: 3/3
  1439 | D:3      | Reached skill level 7 in Stealth
  1439 | D:3      | Reached XP level 4. HP: 30/30 MP: 4/4
  1485 | D:3      | Reached XP level 5. HP: 26/35 MP: 5/5
  1492 | D:3      | Noticed Robin
  1496 | D:3      | Killed Robin
  1709 | D:3      | Reached skill level 1 in Maces & Flails
  1741 | D:3      | Killed from afar by an orc priest

Vault maps used:
D:1:      eino_arrival_water_cross
D:2:      roderic_malta_cross
D:3:      uniq_robin

Skill      XL: |  1  2  3  4  5 |
---------------+----------------+-----
Stealth        | 6 7 |  7.8
Maces & Flails | 1 |  1.3
Fighting       | |  2.7
Short Blades   | |  2.8
Throwing       | |  2.1
Dodging        | |  1.8

Action                   |  1- 3 |  4- 6 || total
-------------------------+-------+-------++-------
Melee: Dagger            |    75 |       ||    75
       Constrict         |    17 |    19 ||    36
       Tentacles         |     9 |    16 ||    25
       Flail             |     4 |    54 ||    58
 Stab: Sleeping          |    12 |     2 ||    14
       Distracted        |     1 |       ||     1
  Eat: Chunk             |     2 |     1 ||     3
Armor: Skin              |     7 |     2 ||     9
Dodge: Dodged            |    41 |    24 ||    65

Table legend:
 A = Spawn XP
 B = Non-spawn XP
 C = Spawn XP percentage of total XP
 D = Spawn monster count
 E = Non-spawn monster count
 F = Spawn count percentage of total count
 G = Total turns spent on level
                    A         B        C        D         E        F      G
               +---------+---------+-------+---------+---------+-------+---------
         Total |       0 |     302 |   0.0 |       0 |      73 |   0.0 |  1741
               +---------+---------+-------+---------+---------+-------+---------
           D:1 |       0 |      31 |   0.0 |       0 |      20 |   0.0 |   817
           D:2 |       0 |      35 |   0.0 |       0 |      21 |   0.0 |   554
           D:3 |       0 |     236 |   0.0 |       0 |      32 |   0.0 |   370
               +---------+---------+-------+---------+---------+-------+---------
